 Dungeon Crawl Stone Soup version 0.30-a0-939-gc8157cb160 (webtiles) character file.

Game seed: 9751345275041054433

532 DeathPants the Cutter (level 7, 0/37 HPs)
             Began as a Vine Stalker Gladiator on Mar 25, 2023.
             Succumbed to a scorpion's poison
             ... in an ossuary.
             The game lasted 00:06:23 (1817 turns).

DeathPants the Cutter (Vine Stalker Gladiator)      Turns: 1817, Time: 00:06:24

Health: 0/37       AC:  5    Str: 17    XL:     7   Next: 24%
Magic:  12/13      EV: 13    Int:  8    God:
Gold:   87         SH:  0    Dex: 17    Spells: 12/12 levels left

rFire   . . .      SeeInvis .    a - +0 rapier
rCold   . . .      Faith    .    (no shield)
rNeg    . . .      Spirit   +    b - +0 leather armour
rPois   .          Reflect  .    c - +0 helmet
rElec   .          Rampage  .    (no cloak)
rCorr   .                        i - +0 pair of gloves
Will    .....                    (no boots)
Stlth   +                        (no amulet)
HPRegen 1.06/turn                (no ring)
MPRegen 0.13/turn                (no ring)

@: mighty, lethally poisoned (0 -> -2), flying
A: fangs 2, regeneration 1, magic shield, antimagic bite, no potion heal 2
a: no special abilities


You were in an ossuary.
You visited 1 branch of the dungeon, and saw 4 of its levels.
You also visited: Ossuary.

You collected 87 gold pieces.

Inventory:

Hand Weapons
 a - a +0 rapier (weapon)
Missiles
 d - 2 throwing nets (quivered)
 e - a javelin
 p - 4 poisoned darts
Armour
 b - a +0 leather armour (worn)
 c - a +0 helmet (worn)
 i - a +0 pair of gloves (worn)
Wands
 r - a wand of iceblast (5)
Scrolls
 g - a scroll of silence {unknown}
 h - 2 scrolls of identify {unknown}
 j - a scroll of teleportation {unknown}
 n - 2 scrolls of enchant armour {unknown}
Potions
 f - a potion of brilliance {unknown}
 k - a potion of ambrosia
 l - a potion of might
 m - a potion of flight
 o - 2 potions of lignification {unknown}
 q - a potion of cancellation {unknown}
 s - a potion of curing {unknown}


   Skills:
 + Level 3.8 Fighting
 + Level 4.3 Short Blades
 - Level 1.7 Throwing
 + Level 3.9 Dodging
 + Level 3.4 Spellcasting


You had 12 spell levels left.
You didn't know any spells.
Your spell library contained the following spells:

 Spells                   Type           Power      Damage    Failure   Level
 Slow                     Hex            4%         N/A       36%         1
 Confusing Touch          Hex            1%         N/A       75%         3
 Vampiric Draining        Necr           1%         2d6       75%         3


Dungeon Overview and Level Annotations

Branches:
Dungeon (4/15)            Ossuary (1/1)
 Temple: D:4-7

Altars:
Kikubaaqudgha
Qazlal


Innate Abilities, Weirdness & Mutations

You have extremely sharp teeth.
Your natural rate of healing is unusually fast.
When hurt, damage is shared between your health and your magic reserves.
Your bite disrupts and absorbs the magic of your enemies.
Potions cannot restore your health.


Message History

The scorpion poisons you! The scorpion closely misses you.
You hit the scorpion but do no damage. Your bite misses the scorpion.
The scorpion is moderately wounded.
You feel very sick. The scorpion stings you.
You are more poisoned.
The scorpion poisons you! The scorpion stings you!
You barely miss the scorpion.
The scorpion is moderately wounded.
* * * LOW HITPOINT WARNING * * *
You feel very sick. The scorpion misses you. The scorpion stings you.
* * * LOW HITPOINT WARNING * * *
You barely miss the scorpion.
You bite the scorpion, but do no damage.
The scorpion is moderately wounded.
* * * LOW HITPOINT WARNING * * *
You feel very sick. The scorpion stings you.
* * * LOW HITPOINT WARNING * * *
The scorpion closely misses you.
A scorpion zombie comes into view.
It was a potion of ambrosia.
You are confused.
Your system rejects the healing.
You feel invigorated.
* * * LOW HITPOINT WARNING * * *
You feel very sick. The scorpion closely misses you. The scorpion misses you.
The scorpion stings you but does no damage.
The scorpion stings you.
* * * LOW HITPOINT WARNING * * *
It was a potion of might.
You feel very mighty all of a sudden.
* * * LOW HITPOINT WARNING * * *
You feel sick. The scorpion stings you. The scorpion barely misses you.
It was a potion of flight.
You feel very buoyant.
You fly up into the air.
You feel less invigorated.
You feel less confused.
You die...

################
#...#..s#.......
+...8..@sZ..Z...
#.......#.......
##+###8..†8###########+##
#!!!#.......#...#...#!?.#
#"..#...8...#...8...#!..#
#?.M#...#...#.......#M!.#
##########'###8...8######
#...#...#...#.......#...#
#...'...'...#...8...'...#


You could see 2 scorpions and 2 scorpion zombies.

Vanquished Creatures
  An elf zombie (D:4)
  3 scorpions (Ossuary)
  An elf skeleton (D:4)
  A centaur zombie (Ossuary)
  2 human zombies
  Ijyb (D:3)
  A human skeleton (D:4)
  A mummy (Ossuary)
  3 adders
  4 dart slugs
  4 ball pythons
  4 endoplasms
  2 giant cockroaches
  A gnoll zombie (Ossuary)
  5 goblins
  4 hobgoblins
  3 jackals (D:2)
  3 kobolds (D:2)
  A quokka (D:2)
  3 bats
  3 goblin zombies (Ossuary)
  A hobgoblin zombie (Ossuary)
  A kobold zombie (Ossuary)
  2 orc skeletons (D:4)
  An orc zombie (Ossuary)
  3 rats
59 creatures vanquished.

Notes
Turn   | Place    | Note
-------+----------+-------------------------------------------
     0 | D:1      | DeathPants the Vine Stalker Gladiator began the quest for
                  | the Orb.
     0 | D:1      | Reached XP level 1. HP: 11/11 MP: 2/2
   161 | D:1      | Reached XP level 2. HP: 10/15 MP: 3/3
   353 | D:2      | Identified the +1 robe "Turescha" {-Tele Regen+ Str+6
                  | Dex-3}
   702 | D:3      | Reached skill level 3 in Short Blades
   702 | D:3      | Reached skill level 1 in Spellcasting
   702 | D:3      | Reached XP level 3. HP: 18/18 MP: 5/5
   980 | D:2      | Gained mutation: Your natural rate of healing is unusually
                  | fast. [Vine Stalker growth]
   980 | D:2      | Reached XP level 4. HP: 20/23 MP: 5/7
  1331 | D:3      | Found an ancient bone altar of Kikubaaqudgha.
  1331 | D:3      | Found a stormy altar of Qazlal.
  1398 | D:3      | Noticed Ijyb
  1410 | D:3      | Killed Ijyb
  1528 | D:4      | Reached XP level 5. HP: 25/28 MP: 6/9
  1566 | D:4      | Reached XP level 6. HP: 30/32 MP: 7/10
  1573 | D:4      | Found a sand-covered staircase.
  1590 | Ossuary  | Entered an ossuary
  1698 | Ossuary  | Reached skill level 4 in Short Blades
  1761 | Ossuary  | Reached XP level 7. HP: 33/37 MP: 8/12
  1816 | Ossuary  | HP: 1/37 [poisoned by a scorpion]
  1817 | Ossuary  | Succumbed to a scorpion's poison

Illustrated notes

Levels and vault maps discovered:
D:1:      minmay_arrival_glassed_features, layout_loops_ring,
          supply_closet_lemuel
D:2:      layout_rooms, chequers_serial_rivers_large_a, minmay_misc_feat_five
D:3:      layout_loops_ring, grunt_temple_overflow_open,
          roderic_serpentine_path, uniq_ijyb
D:4:      layout_basic, minmay_temple_entry_statues_pillars,
          nicolae_ossuary_entry_catacombs, hangedman_decor_clover_reticule,
          minmay_box_of_dots, uniq_natasha
Ossuary:  ossuary_minmay_scorpions

Skill      XL: |  1  2  3  4  5  6 |
---------------+-------------------+-----
Fighting       | 2 3 |  3.8
Short Blades   | 3 4 |  4.3
Spellcasting   | 1 2 3 |  3.4
Dodging        | 3 |  3.9
Throwing       | |  1.7

Action                     |  1- 3 |  4- 6 |  7- 9 || total
---------------------------+-------+-------+-------++-------
  Melee: Rapier            |    79 |   152 |    20 ||   251
         Bite              |    17 |    49 |     6 ||    72
         Punch             |       |     2 |       ||     2
  Throw: Throwing net      |       |     1 |       ||     1
  Evoke: Wand              |       |     1 |     2 ||     3
    Use: Potion            |       |       |     3 ||     3
   Stab: Held in net/web   |       |     2 |       ||     2
         Sleeping          |       |     2 |       ||     2
 Armour: Leather armour    |    27 |    22 |     6 ||    55
  Dodge: Dodged            |    92 |    72 |    18 ||   182

Table legend: (Time is in decaauts)
 A = Elapsed time spent in this place.
 B = Non-inter-level travel time spent in this place.
 C = Inter-level travel time spent in this place.
 D = Time resting spent in this place.
 E = Time spent auto-exploring this place.
 F = Levels seen in this place.
 G = Mean time per level.
                   A        B        C        D        E       F      G
               +--------+--------+--------+--------+--------+-----+--------+
         Total |   1837 |   1802 |     35 |      0 |   1085 |   5 |  367.4 |
       Dungeon |   1610 |   1575 |     35 |      0 |    996 |   4 |  402.5 |
       Ossuary |    226 |    226 |      0 |      0 |     89 |   1 |  226.0 |
               +--------+--------+--------+--------+--------+-----+--------+

Top non-repeatable levels by time:
     D:2: 709 daAuts
     D:1: 580 daAuts
 Ossuary: 226 daAuts
     D:3: 187 daAuts
     D:4: 133 daAuts
